AoeStats
← Combi l BU

African Clearing

505803371Analyzed
2v2 RM · 22d ago on Sep 11, 2026· 25m 53s· 4 players
Game mode
Random Map
Map size
Medium (4 player)
Population
200
Speed
Normal
Resources
Standard
Victory
Conquest
Starting age
Dark Age
Ending age
Imperial Age
RankedLock teamsTeams togetherTeam positionsShared explorationLock speedFull tech treeHidden civsTurbo modeCheats
Victory
Defeat
🇨🇱 Burmese · Chile
1596
+15
🇲🇽 Slavs · Mexico
1580
+16
🇨🇴 Malay · Colombia
1601
-16
🇨🇴 Bengalis · Colombia
1553
-15
VLC | GreenIsland
5:20 Loom
13:45 Feudal Age
17:28 Castle Age
18:47 Double-Bit Axe
23:10 Horse Collar
23:41 Bow Saw
VLC | SnowBall
3:47 Loom
3:51 Loom
13:19 Feudal Age
16:43 Castle Age
15:10 Double-Bit Axe
16:49 Bow Saw
21:07 Wheelbarrow
21:46 Fletching
22:02 Crossbowman
24:24 Ballistics
24:03 Bodkin Arrow
Ux' CombiNero
3:24 Loom
14:05 Feudal Age
17:40 Castle Age
16:06 Gold Mining
16:52 Padded Archer Armor
17:25 Horse Collar
24:54 Wheelbarrow
Combi l BU
11:50 Feudal Age
13:26 Double-Bit Axe
14:13 Horse Collar
15:45 Bloodlines
16:15 Forging
17:37 Scale Barding Armor
20:51 Wheelbarrow
23:49 Castle Age
23:49 Light Cavalry
24:54 Chain Barding Armor
26:02 Bow Saw
Connection lost

Rejoining the realm…

Still unreachable

The connection could not be restored.

Session expired

The server has moved on; the page needs a fresh start.